 Dungeon Crawl Stone Soup version 0.30-a0-782-ge64f9170bb (webtiles) character file.

Game seed: 13328351158621569646

2430 funkygono the Firebug (level 9, -3/46 HPs)
             Began as a Gargoyle Fire Elementalist on Mar 8, 2023.
             Was a Believer of Sif Muna.
             Slain by an orc warlord
             ... wielding a +7 battleaxe
              (11 damage)
             ... in a bailey.
             The game lasted 00:11:25 (7464 turns).

funkygono the Firebug (Gargoyle Fire Elementalist)  Turns: 7464, Time: 00:11:26

Health: -3/46      AC: 10    Str: 12    XL:     9   Next: 48%
Magic:  9/29       EV: 12    Int: 20    God:    Sif Muna [**....]
Gold:   100        SH:  0    Dex: 10    Spells: 12/22 levels left

rFire   + . .      SeeInvis .    o - +3 whip (vamp)
rCold   x . .      Faith    .    (no shield)
rNeg    + . .      Spirit   .    a - +0 robe
rPois   ∞          Reflect  .    k - +0 helmet
rElec   +          Harm     .    (no cloak)
rCorr   .          Rampage  .    (no gloves)
Will    .....                    i - +0 pair of boots
Stlth   ++                       (no amulet)
HPRegen 0.27/turn                d - ring of fire
MPRegen 0.21/turn                t - ring of magical power

@: very slightly contaminated
A: sickness immunity, AC +6, negative energy resistance 1, electricity
resistance, torment resistance 1, petrification resistance
a: Renounce Religion, Channel Magic


You were in a bailey.
You worshipped Sif Muna.
Sif Muna was pleased with you.
You visited 2 branches of the dungeon, and saw 8 of its levels.
You also visited: Bailey.

You collected 100 gold pieces.

Inventory:

Hand Weapons
 e - a +0 flail of freezing
 o - a +3 vampiric whip (weapon)
Armour
 a - a +0 robe (worn)
 i - a +0 pair of boots (worn)
 j - a +2 leather armour of poison resistance
 k - a +0 helmet (worn)
 p - the +7 Kryia's mail coat {PotionHeal*2 rC+}
   (You found it on level 5 of the Dungeon)

   PotionHeal*2: Potions heal its wearer twice as much.
   rC:        It protects you from cold.
Jewellery
 d - a ring of fire (left hand)
 m - a ring of protection from fire
 t - a ring of magical power (right hand)
Wands
 c - a wand of digging (4)
 x - a wand of iceblast (11)
Scrolls
 g - a scroll of brand weapon
 w - 2 scrolls of teleportation
Potions
 b - 2 potions of magic
 f - 4 potions of heal wounds {unknown}
 h - 3 potions of might
 l - a potion of mutation {unknown}
 n - 2 potions of curing {unknown}
 q - 3 potions of flight {unknown}
 r - a potion of lignification {unknown}
 s - 2 potions of cancellation {unknown}
 u - a potion of brilliance {unknown}
 v - a potion of berserk rage {unknown}


   Skills:
 + Level 0.5 Fighting
 + Level 0.8 Maces & Flails
 + Level 2.6 Dodging
 + Level 3.7 Stealth
 + Level 7.3 Spellcasting
 + Level 5.9 Conjurations
 + Level 7.7 Fire Magic


You had 12 spell levels left.
You knew the following spells:

 Your Spells              Type           Power      Damage    Failure   Level
a - Foxfire               Conj/Fire      100%       2x1d9     1%          1
b - Scorch                Fire           100%       2d10      1%          2
c - Kindle Blastsparks    Fire/Tloc/Air  52%        2d14      10%         3
d - Flame Wave            Conj/Fire      51%        2d13      5%          4

Your spell library contained the following spells:

 Spells                   Type           Power      Damage    Failure   Level
 Kiss of Death            Conj/Necr      76%        2d11      2%          1
 Momentum Strike          Conj/Tloc      38%        3d9       4%          2
 Inner Flame              Hex/Fire       34%        N/A       5%          3
 Ignite Poison            Fire/Tmut/Pois 26%        N/A       10%         3
 Blink                    Tloc           14%        N/A       14%         2
 Lesser Beckoning         Tloc           14%        N/A       14%         2
 Confusing Touch          Hex            7%         N/A       26%         3
 Cause Fear               Hex            3%         N/A       65%         4
 Dispel Undead            Necr           7%         3d8       65%         4
 Freezing Cloud           Conj/Ice/Air   7%         6-21      75%         5
 Discord                  Hex            3%         N/A       100%        8


Dungeon Overview and Level Annotations

Branches:
Dungeon (7/15)             Temple (1/1) D:5          Bailey (1/1)

Altars:
Ashenzari
Cheibriados
Dithmenos
Elyvilon
Gozag
Hepliaklqana
Makhleb
Nemelex Xobeh
Qazlal
Ru
Sif Muna
Uskayaw
Vehumet
Xom
Yredelemnul
Zin

Shops:
D:1 *


Innate Abilities, Weirdness & Mutations

You are immune to sickness and miasma.
Your stone body is resilient. (AC +6)
You are immune to poison.
You resist negative energy. (rN+)
You are resistant to electric shocks. (rElec)
You are resistant to unholy torment.
You are immune to petrification.


Message History

The orc warlord is moderately wounded.
Unknown command.
Casting: Scorch (safe; 1% risk of failure)
Confirm with . or Enter, or press ? or * to list all spells.
You feel a surge of power!
You miscast Foxfire.
You are very lightly contaminated with residual magic.
Nothing appears to happen.
The orc warlord hits you with a +7 battleaxe!
Casting: Foxfire (safe; 1% risk of failure)
Confirm with . or Enter, or press ? or * to list all spells.
You feel a surge of power!
Flames lash the orc warlord.
The orc warlord is burned terribly!
The orc warlord is moderately wounded.
The orc warlord completely misses you.
Unknown command.
Casting: Scorch (safe; 1% risk of failure)
Confirm with . or Enter, or press ? or * to list all spells.
Casting: Flame Wave (dangerous; 5% risk of failure)
Press: ? - help, Dir - look around, f - activate You feel a surge of power!
A wave of flame ripples out!
The flame wave engulfs the orc warlord!!
The orc warlord is burned terribly!
The orc warlord is heavily wounded. (Press . to intensify the flame waves.)
You hear a shout! x2
The orc warlord hits you with a +7 battleaxe!!
Unknown command.
A wave of flame ripples out!
The flame wave engulfs the orc warlord!
The orc warlord is burned terribly!
The orc warlord is heavily wounded.
You hear a shout! x3
The orc warlord hits you with a +7 battleaxe!
* * * LOW HITPOINT WARNING * * *
A wave of flame ripples out!
The flame wave engulfs the orc warlord but does no damage.
The orc warlord is heavily wounded.
You finish channelling waves of flame.
You hear a shout!
The orc warlord hits you with a +7 battleaxe!
You die...

#.).....#
##..)).).## ..
#...).....# ....
##.........## ..#
#.....⌠.....###)###
##.........##88)88##
#.........#.§v....#
##.......##.......#
#....)@o'.).......
##.....##..)...)..
#######.....⌠....
##.........
#.........
##.......# #?.....?#
##..∩??## ######


You could see an orc warlord (combustible).

Vanquished Creatures
  A steam dragon (D:7)
  A water moccasin (D:5)
  An ice beast (D:6)
  10 orc warriors (Bailey)
  3 phantoms
  2 kobold brigands
  2 scorpions
  A necrophage (D:5)
  3 hounds
  A jelly (D:6)
  A gnoll bouda (D:7)
  3 iguanas
  3 orc wizards
  9 gnolls
  8 adders
  A white imp (D:6)
  2 ufetubi
  2 worms
  3 dart slugs
  28 orcs
  3 bats
  4 endoplasms
  A giant cockroach (D:1)
  16 goblins
  9 hobgoblins
  9 jackals
  11 kobolds
  3 quokkas
  6 ball pythons
  A frilled lizard (D:3)
  7 rats
155 creatures vanquished.

Vanquished Creatures (collateral kills)
  A foxfire (D:1)
1 creature vanquished.

Vanquished Creatures (others)
  565 foxfires
565 creatures vanquished.

Grand Total: 721 creatures vanquished

Notes
Turn   | Place    | Note
-------+----------+-------------------------------------------
     0 | D:1      | funkygono the Gargoyle Fire Elementalist began the quest
                  | for the Orb.
     0 | D:1      | Reached XP level 1. HP: 10/10 MP: 3/3
   131 | D:1      | Found Otelist's Assorted Antiques.
   380 | D:1      | Reached XP level 2. HP: 15/15 MP: 1/5
   385 | D:1      | Learned a level 2 spell: Scorch
   848 | D:2      | Reached XP level 3. HP: 19/19 MP: 4/6
   852 | D:2      | Learned a level 3 spell: Kindle Blastsparks
  1314 | D:2      | Found a faded altar of an unknown god.
  1350 | D:2      | Reached XP level 4. HP: 24/24 MP: 2/7
  1852 | D:2      | Found a hide-covered altar of Uskayaw.
  2847 | D:3      | Reached XP level 5. HP: 28/28 MP: 4/8
  3122 | D:3      | Found a sparkling altar of Nemelex Xobeh.
  3915 | D:4      | Learned a level 4 spell: Flame Wave
  4390 | D:5      | Entered Level 5 of the Dungeon
  4390 | D:5      | Noticed a phantom
  4398 | D:5      | Killed a phantom
  4399 | D:5      | Reached XP level 6. HP: 28/32 MP: 0/11
  4691 | D:5      | Reached XP level 7. HP: 36/36 MP: 3/13
  4916 | D:5      | Reached skill level 5 in Fire Magic
  5016 | D:5      | Found a staircase to the Ecumenical Temple.
  5025 | Temple   | Entered the Ecumenical Temple
  5148 | Temple   | Became a worshipper of Sif Muna the Loreminder
  5445 | D:5      | Found the +7 Kryia's mail coat {PotionHeal*2 rC+}
  5958 | D:6      | Reached skill level 5 in Spellcasting
  6067 | D:6      | Reached XP level 8. HP: 41/41 MP: 8/15
  6461 | D:6      | Found a hide-covered altar of Uskayaw.
  6589 | D:7      | Reached * piety under Sif Muna
  6641 | D:7      | Reached skill level 5 in Conjurations
  6691 | D:7      | Found a flagged portal.
  6770 | Bailey   | Entered a bailey
  6859 | Bailey   | Reached XP level 9. HP: 36/46 MP: 9/18
  7207 | Bailey   | Reached ** piety under Sif Muna
  7450 | Bailey   | Noticed an orc warlord
  7464 | Bailey   | Slain by an orc warlord

Illustrated notes

Levels and vault maps discovered:
D:1:      giann_forest_graveyard, layout_basic, serial_shops, shop,
          serial_bayou_pond_a, corexii_leaking_fountain, nicolae_grassy_gnolls
D:2:      layout_loops_ring, basic_altar, dreamdust_ecumenical_altar_statues
D:3:      layout_basic, mainiacjoe_overflow_alcove_4
D:4:      layout_basic
D:5:      layout_gridville, minmay_temple_entry_trees
D:6:      layout_rooms, general_overflow_altar, chequers_arboretum
D:7:      layout_basic, enter_bailey_3
Temple:   dpeg_chambers_temple
Bailey:   bailey_axe_minmay_hex_keep, bailey

Skill      XL: |  1  2  3  4  5  6  7  8  9 |
---------------+----------------------------+-----
Conjurations   | 2 3 4 5 |  5.9
Fire Magic     | 4 5 6 7 |  7.7
Spellcasting   | 3 4 5 6 7 |  7.3
Dodging        | 2 |  2.6
Stealth        | 3 |  3.7
Fighting       | |  0.5
Maces & Flails | |  0.8

Action                     |  1- 3 |  4- 6 |  7- 9 || total
---------------------------+-------+-------+-------++-------
  Melee: Unarmed           |    15 |       |       ||    15
         Whip              |     1 |    13 |    13 ||    27
   Cast: Foxfire           |    50 |    96 |   175 ||   321
         Scorch            |       |    11 |    40 ||    51
         Flame Wave        |       |       |     2 ||     2
    Use: Scroll            |       |     8 |     2 ||    10
 Armour: Robe              |     8 |    13 |    17 ||    38
  Dodge: Dodged            |    14 |    30 |    16 ||    60

Table legend: (Time is in decaauts)
 A = Elapsed time spent in this place.
 B = Non-inter-level travel time spent in this place.
 C = Inter-level travel time spent in this place.
 D = Time resting spent in this place.
 E = Time spent auto-exploring this place.
 F = Levels seen in this place.
 G = Mean time per level.
                   A        B        C        D        E       F      G
               +--------+--------+--------+--------+--------+-----+--------+
         Total |   7463 |   7269 |    194 |    464 |   5693 |   9 |  829.2 |
       Dungeon |   6542 |   6372 |    170 |    109 |   5432 |   7 |  934.6 |
        Temple |    227 |    204 |     23 |      0 |    188 |   1 |  227.0 |
        Bailey |    693 |    693 |      0 |    355 |     73 |   1 |  693.0 |
               +--------+--------+--------+--------+--------+-----+--------+

Top non-repeatable levels by time:
     D:3: 1239 daAuts
     D:5: 1186 daAuts
     D:4: 1151 daAuts
     D:2: 1115 daAuts
     D:1: 883 daAuts
     D:6: 761 daAuts
  Bailey: 693 daAuts
  Temple: 227 daAuts
     D:7: 204 daAuts
